Unix NetHack Version 3.7.0-101 Work-in-progress - last build Apr 1 2024 13:39:02 (cf3915abb6dcc6e3362b2b16a766b7b4f6c45fc9,branch:master). Game began 2024-04-05 22:07:28, ended 2024-04-05 22:18:54. finitelycraig, lawful male human Priest ----------- ------- +.........| |.....| |.........| |.....| |.........| |.....| ##..........| |.....| # -.--------- |..(..|# # ## |......###### # --|----# ###### ####### ------s- # |...d@@| # |..[.[[| ----+-- # |.[[..[| |..<..| # -------- |.....| # |.....-### ---.- |.....| # |...| ------- ##.^..| ----- Finitelycraig the Acolyte St:10 Dx:13 Co:14 In:12 Wi:18 Ch:9 Lawful Dlvl:5 $:0 HP:0(25) Pw:29(29) AC:11 Xp:3/64 T:2259 Hungry Burdened Latest messages: Lucey drops an uncursed burnt coarse mantelet. Lucey picks up an uncursed burnt coarse mantelet. Lucey drops an uncursed burnt coarse mantelet. You are beginning to feel hungry. You stop searching. You miss the floating eye. You are frozen by the floating eye's gaze! Lucey picks up an uncursed burnt coarse mantelet. Lucey drops an uncursed burnt coarse mantelet. Lucey picks up an uncursed burnt coarse mantelet. Lucey drops an uncursed burnt coarse mantelet. Lucey picks up an uncursed burnt coarse mantelet. You can move again. You kill the floating eye! You see the cave spider hide under a corpse. Wait! There's a cave spider hiding under an uncursed floating eye corpse! The cave spider bites! You miss the cave spider. The cave spider bites! The cave spider bites! You miss the cave spider. The cave spider bites! You miss the cave spider. The cave spider bites! You miss the cave spider. The cave spider bites! The cave spider bites! You miss the cave spider. The cave spider bites! You miss the cave spider. The cave spider bites! You hit the cave spider! The cave spider bites! The cave spider bites! You miss the cave spider. The cave spider bites! Are you waiting to get hit? Use 'm' prefix to force a no-op (to rest). Are you waiting to get hit? Use 'm' prefix to force a no-op (to rest). Are you waiting to get hit? Use 'm' prefix to force a no-op (to rest). The cave spider bites! The cave spider bites! The cave spider bites! The cave spider bites! The cave spider bites! The cave spider bites! The cave spider bites! The cave spider bites! The cave spider bites! You die... Ermenak takes all your possessions. Inventory: Weapons (')') k - 7 uncursed +0 darts a - a blessed +1 mace (weapon in right hand) Armor ('[') n - an uncursed +0 orcish helm A - a cursed -1 pair of fumble boots (being worn) C - a cursed -4 pair of fumble boots z - a cursed fireproof -1 pair of levitation boots B - a cursed -1 orcish shield (being worn) c - an uncursed +0 small shield b - an uncursed +0 robe y - a cursed -1 Hawaiian shirt with a sea turtle motif (being worn) o - an uncursed +0 ring mail Comestibles ('%') e - an uncursed clove of garlic v - 2 uncursed lembas wafers f - an uncursed sprig of wolfsbane t - an uncursed egg Spellbooks ('+') h - an uncursed spellbook of detect monsters g - an uncursed spellbook of protection Potions ('!') m - an uncursed potion of blindness i - a blessed potion of hallucination q - an uncursed potion of healing d - 4 potions of holy water Rings ('=') j - a cursed -3 ring of increase accuracy x - an uncursed ring of shock resistance Wands ('/') w - an uncursed wand of cancellation (0:3) Gems/Stones ('*') r - an uncursed topaz stone Finitelycraig the Priest's attributes: Background: You were an Acolyte, a level 3 human Priest. You were lawful, on a mission for Lugh who was opposed by Brigit (neutral) and Manannan Mac Lir (chaotic). You were right-handed. You were in the Dungeons of Doom, on level 5. You entered the dungeon 2259 turns ago. It was nighttime. You had 64 experience points, 16 more were needed to attain level 4. Basics: You had 0 out of 25 hit points. You had all 29 energy points (spell power). Your armor class was 11. Your wallet was empty. Autopickup was on, but temporarily disabled while inside the shop. Final Characteristics: Your strength was 10 (limit:18/100). Your dexterity was 13 (limit:18). Your constitution was 14 (limit:18). Your intelligence was 12 (limit:18). Your wisdom was 18 (limit:18). Your charisma was 9 (limit:18). Final Status: You fumbled. You were hungry. You were burdened; movement was slightly slowed. You were wielding a mace. You had basic skill with mace. Final Attributes: You were piously aligned. You are dead. Miscellaneous: You disabled loading of bones levels. Total elapsed playing time was 11 minutes and 24 seconds. Major events: Turn 1: finitelycraig the lawful human Priest entered the dungeon 1123: entered the Gnomish Mines 1304: attained the rank of Acolyte (level 3) 2259: killed by a cave spider Vanquished creatures: a floating eye a homunculus 2 iguanas 2 hobbits 2 foxes 3 goblins 2 bats 4 lichens 5 newts 22 creatures vanquished. No species were genocided or became extinct. Voluntary challenges: You read items or engraved 2 times. You never engraved Elbereth. You never genocided any monsters. You never polymorphed an object. You never changed form. You used no wishes. Achievements: You entered a shop. You entered the Gnomish Mines. You attained the rank of Acolyte. The Dungeons of Doom: levels 1 to 5 Level 1: Level 2: Level 3: Level 4: A fountain. Stairs down to The Gnomish Mines. Level 5: <- You were here. An armor shop. Final resting place for you, killed by a cave spider. The Gnomish Mines: Level 5: Game over: ---------- / \ / REST \ / IN \ / PEACE \ / \ | finitelycraig | | 0 Au | | killed by a cave | | spider | | | | | | 2024 | *| * * * | * _________)/\\_//(\/(/\)/\//\/|_)_______ Goodbye finitelycraig the Priest... You died in The Dungeons of Doom on dungeon level 5 with 466 points, and 0 pieces of gold, after 2259 moves. You were level 3 with a maximum of 25 hit points when you died.